 Dungeon Crawl Stone Soup version 0.23-a0-241-g3b46b076a4 (webtiles) character file.

596931 Rrauwl the Hoplite (level 25, -15/229 HPs)
             Began as a Demigod Fighter on Sept 27, 2018.
             Killed from afar by an electric golem (40 damage)
             ... with a bolt of lightning
             ... on level 2 of the Realm of Zot.
             The game lasted 03:00:39 (44245 turns).

Rrauwl the Hoplite (Demigod Fighter)               Turns: 44245, Time: 03:00:39

Health: -15/229    AC: 37    Str: 34    XL:     25   Next: 10%
Magic:  35/35      EV: 33    Int: 12    God:
Gold:   2606       SH: 33    Dex: 27    Spells: 18/24 levels left

rFire    + . .     SeeInvis +   a - +8 broad axe of the Lonely Scars {chop, Dex+3}
rCold    + . .     Gourm    .   k - +4 large shield
rNeg     + . .     Faith    .   Y - +7 pearl dragon scales of Vecip {rPois rC- rN+ rCorr Str+3 Dex+7}
rPois    +         Spirit   .   d - +2 helmet
rElec    .         Reflect  .   G - scarf {repulsion}
rCorr    +         Harm     .   o - +3 pair of gloves of Vlad {-Cast +Blink rC+ SInv}
MR       +++..     Rnd*Rage +   Z - +2 pair of boots {Stlth+} Stlth +.........NoCast +
                                B - amulet of Vitality {Regen+ HP+15}
HPRegen  0.00/turn              W - ring "Venet" {rPois EV+6}
MPRegen  0.24/turn              y - ring "Tuarraqi" {rF+ rC+ EV+6 Stlth+}

@: hasted, repel missiles, very quick
A: fangs 1, molten scales 1, berserk 1, clumsy 1, frail 1, high mp 1, magic
resistance 1, inhibited regeneration, evolution 1
0: Orb of Zot
}: 3/15 runes: serpentine, barnacled, silver
a: Evoke Blink


You were on level 2 of the Realm of Zot.
You were not hungry.

You visited 9 branches of the dungeon, and saw 47 of its levels.
You visited 1 bazaar.
You also visited: Labyrinth, Sewer and Ossuary.

You collected 6752 gold pieces.
You spent 4146 gold pieces at shops.

Inventory:

Hand Weapons
 a - the +8 broad axe of the Lonely Scars (weapon) {chop, Dex+3}
   (You acquired it in an ossuary)

   It inflicts extra damage upon your enemies.
   It affects your dexterity (+3).
 b - a +9 hand crossbow of velocity
 c - a +7 broad axe of chopping
Missiles
 m - 16 throwing nets (quivered)
 n - 1699 bolts
Armour
 d - a +2 helmet (worn)
 k - a +4 large shield (worn)
 o - the +3 pair of gloves of Vlad (worn) {-Cast +Blink rC+ SInv}
   (You found it on level 3 of the Snake Pit)

   It protects you from cold.
   It lets you see invisible.
   It lets you blink.
   It prevents spellcasting.
 G - a scarf of repulsion (worn)
 Y - the +7 pearl dragon scales of Vecip (worn) {rPois rC- rN+ rCorr Str+3 Dex+7}
   (You acquired it on level 4 of the Vaults)

   It affects your strength (+3).
   It affects your dexterity (+7).
   It makes you vulnerable to cold.
   It protects you from poison.
   It protects you from negative energy.
   It provides partial protection from all sources of acid and corrosion.
 Z - a +2 pair of boots of stealth (worn)
Jewellery
 y - the ring "Tuarraqi" (right hand) {rF+ rC+ EV+6 Stlth+}
   (You found it on level 1 of the Snake Pit)

   [ring of evasion]

   It affects your evasion (+6).
   It protects you from fire.
   It protects you from cold.
   It makes you more stealthy.
 B - the amulet of Vitality (around neck) {Regen+ HP+15}
   (You took it off an orc on level 8 of the Dungeon)

   [amulet of regeneration]

   It affects your health (+15).
   It increases your rate of regeneration.
 E - an uncursed ring of flight
 O - an uncursed ring of protection from magic
 W - the ring "Venet" (left hand) {rPois EV+6}
   (You found it on level 4 of the Shoals)

   [ring of evasion]

   It affects your evasion (+6).
   It protects you from poison.
Wands
 l - a wand of iceblast (45)
 w - a wand of enslavement (7)
 z - a wand of paralysis (15)
 M - a wand of disintegration (27)
 R - a wand of digging (41)
 S - a wand of clouds (3)
 X - a wand of scattershot (11)
Scrolls
 f - 12 scrolls of magic mapping
 i - 19 scrolls of identify
 j - 19 scrolls of remove curse
 p - 2 scrolls of summoning
 q - 4 scrolls of blinking
 s - 7 scrolls of fear
 v - 3 scrolls of teleportation
 A - 3 scrolls of holy word
 J - 2 scrolls of silence
 T - 5 scrolls of fog
Potions
 t - 5 potions of cancellation
 x - 11 potions of curing
 H - a potion of resistance
 I - 2 potions of ambrosia
 P - 3 potions of mutation
Miscellaneous
 D - a lamp of fire
 N - a lightning rod (4/4)
 Q - a lamp of fire
 V - a sack of spiders
Comestibles
 e - 65 rations


   Skills:
 + Level 22.0 Fighting
 - Level 18.0 Axes
 - Level 10.0 Crossbows
 - Level 15.0 Armour
 - Level 10.0 Dodging
 - Level 25.0 Shields
 - Level 10.0 Evocations


You had 18 spell levels left.
You knew the following spells:

 Your Spells              Type           Power        Failure   Level  Hunger
a - Blink                 Tloc           N/A          65%         2    ###....
b - Apportation           Tloc           #.....       50%         1    ##.....
c - Passwall              Tmut/Erth      #.......     65%         2    ###....
d - Summon Butterflies    Summ           #.......     50%         1    ##.....

Your spell library contained the following spells:

 Spells                   Type           Power        Failure   Level  Hunger
 Animate Skeleton         Necr           N/A          50%         1    ##.....
 Beastly Appendage        Tmut           #.....       50%         1    ##.....
 Confusing Touch          Hex            #.....       50%         1    ##.....
 Corona                   Hex            #......      50%         1    ##.....
 Flame Tongue             Conj/Fire      #....        50%         1    ##.....
 Infusion                 Chrm           #...         50%         1    ##.....
 Magic Dart               Conj           #...         50%         1    ##.....
 Sandblast                Erth           #.....       50%         1    ##.....
 Shock                    Conj/Air       #...         50%         1    ##.....
 Summon Small Mammal      Summ           #...         50%         1    ##.....
 Call Imp                 Summ           #.......     65%         2    ###....
 Corpse Rot               Necr           N/A          65%         2    ###....
 Ensorcelled Hibernation  Hex/Ice        #.....       65%         2    ###....
 Shroud of Golubria       Chrm/Tloc      #.........   65%         2    ###....
 Slow                     Hex            #.......     65%         2    ###....
 Song of Slaying          Chrm           #.......     65%         2    ###....
 Sticks to Snakes         Tmut           #.......     65%         2    ###....
 Sublimation of Blood     Necr           #.........   65%         2    ###....
 Throw Flame              Conj/Fire      #.....       65%         2    ###....
 Call Canine Familiar     Summ           #.......     86%         3    ####...
 Confuse                  Hex            #.......     86%         3    ####...
 Conjure Flame            Conj/Fire      #.......     86%         3    ####...
 Dazzling Spray           Conj/Hex       #.....       86%         3    ####...
 Gell's Gravitas          Tloc           #.........   86%         3    ####...
 Ignite Poison            Fire/Tmut/Pois #.......     86%         3    ####...
 Inner Flame              Hex/Fire       #.......     86%         3    ####...
 Mephitic Cloud           Conj/Pois/Air  #.......     86%         3    ####...
 Portal Projectile        Hex/Tloc       #.....       86%         3    ####...
 Recall                   Summ/Tloc      N/A          86%         3    ####...
 Regeneration             Chrm/Necr      #.........   86%         3    ####...
 Spectral Weapon          Hex/Chrm       #.......     86%         3    ####...
 Spider Form              Tmut/Pois      #.........   86%         3    ####...
 Static Discharge         Conj/Air       #.......     86%         3    ####...
 Stone Arrow              Conj/Erth      #.....       86%         3    ####...
 Summon Guardian Golem    Hex/Summ       #.......     86%         3    ####...
 Tukima's Dance           Hex            #.......     86%         3    ####...
 Cause Fear               Hex            #.........   99%         4    #####..
 Ice Form                 Ice/Tmut       #.......     99%         4    #####..
 Leda's Liquefaction      Hex/Erth       #.........   99%         4    #####..
 Petrify                  Tmut/Erth      #.......     99%         4    #####..
 Sticky Flame             Conj/Fire      #.......     99%         4    #####..
 Summon Ice Beast         Ice/Summ       #.......     99%         4    #####..
 Summon Lightning Spire   Summ/Air       #.......     99%         4    #####..
 Agony                    Necr           #.......     100%        5    ######.
 Aura of Abjuration       Summ           #.........   100%        5    ######.
 Blade Hands              Tmut           #.........   100%        5    ######.
 Bolt of Draining         Conj/Necr      #.........   100%        5    ######.
 Bolt of Magma            Conj/Fire/Erth #.........   100%        5    ######.
 Dispel Undead            Necr           #.......     100%        5    ######.
 Excruciating Wounds      Chrm/Necr      #.........   100%        5    ######.
 Fireball                 Conj/Fire      #.........   100%        5    ######.
 Irradiate                Conj/Tmut      #.........   100%        5    ######.
 Lee's Rapid Deconstruct  Erth           #.........   100%        5    ######.
 Lightning Bolt           Conj/Air       #.........   100%        5    ######.
 Metabolic Englaciation   Hex/Ice        #.........   100%        5    ######.
 Silence                  Hex/Air        #.........   100%        5    ######.
 Summon Demon             Summ           #.........   100%        5    ######.
 Summon Forest            Summ/Tloc      #.........   100%        5    ######.
 Summon Mana Viper        Hex/Summ       #.......     100%        5    ######.
 Yara's Violent Unravell  Hex/Tmut       #.........   100%        5    ######.
 Bolt of Fire             Conj/Fire      #.........   100%        6    #######
 Conjure Ball Lightning   Conj/Air       #.........   100%        6    #######
 Deflect Missiles         Chrm/Air       #.........   100%        6    #######
 Hydra Form               Tmut           #.........   100%        6    #######
 Iron Shot                Conj/Erth      #.........   100%        6    #######
 Shadow Creatures         Summ           N/A          100%        6    #######
 Statue Form              Tmut/Erth      #........    100%        6    #######
 Dragon Form              Tmut           #.........   100%        7    #######
 Ring of Flames           Chrm/Fire      #.........   100%        7    #######
 Summon Hydra             Summ           #.........   100%        7    #######
 Ignition                 Fire           #.........   100%        8    #######
 Shatter                  Erth           #.........   100%        9    #######
 Tornado                  Air            #.........   100%        9    #######


Dungeon Overview and Level Annotations

Branches:
Dungeon (15/15)            Temple (1/1) D:7            Lair (6/6) D:11
 Shoals (4/4) Lair:4        Snake (4/4) Lair:2        Slime (0/5) Lair:6
    Orc (2/2) D:10            Elf (0/3) Orc:2        Vaults (5/5) D:13
  Crypt (0/3) Vaults:2     Depths (5/5) D:15            Zot (5/5) Depths:5

Shops:
D:7 =   D:10 [(   Orc:1 *:   Orc:2 ?%}([   Shoals:2 *   Snake:1 **:}[*!
Snake:3 [   Snake:4 :   Vaults:1 !:   Vaults:2 !(?*   Vaults:4 ?[=   Depths:2 %

Portals:
Hell: Depths:1 Depths:2 Depths:3 Depths:4 Depths:5
Abyss: Depths:1 Depths:2 Depths:4 Depths:5
Pandemonium: Orc:2 Depths:3
Ziggurat: Depths:5
Trove: D:13 (give +3 shadow dragon scales)

Annotations:
D:15 1 runed door
Lair:6 1 runed door


Innate Abilities, Weirdness & Mutations

You have an increased reservoir of magic. (+10% MP)
You have very sharp teeth.
You are partially covered in molten scales. (AC +2)
You tend to lose your temper in combat.
You are clumsy. (Dex -2)
You are frail. (-10% HP)
You are resistant to hostile enchantments. (MR+)
You do not regenerate when monsters are visible.
You evolve.


Message History

The bolt of lightning is repelled.
Your electric golem hits the electric golem but does no damage.
Your electric golem hits the electric golem.
Your electric golem shocks the electric golem.
The electric golem completely resists.
Your electric golem closely misses the electric golem.
Your electric golem completely misses the electric golem.
You recover from your berserk rage.
The electric golem crackles and sizzles.
The electric golem blinks! x2
The electric golem hurls lightning at you.
The bolt of lightning is repelled.
You block the death cob's attack.
A shadow dragon comes into view.
You block the death cob's attack.
The electric golem blinks!
An orange demon comes into view.
The death cob completely misses you.
The electric golem hurls lightning at you.
The bolt of lightning hits you!
You die...

,,*****,,,**#..##*#....# * ,**
**,,,*#...##...... *
*********,,,#.......4..# *
***,,,***,,,###.......## *
,,,,,,,,,,,,..D.......### *
,8,,<,,8,,8..8#.........##*******
,,,,,,,,,.....+.....ยง.....,,,,,,,
***,,,***...###...........,,,,,,,
*********...#.8.@.........,,,,,,,
,** **,..*#...z.......#******,,
,,*****,,,**#.........##* ***
,,,,8,,,,** #......8..# *
*,,,,,,,** #.........## ***,<,***
#..........# ,,***** #..........#
* ,,,* #..........# * ,,,*
#.........8# *


You could see an electric golem, a shadow dragon, a death cob, an orange demon
(wandering) and a friendly electric golem.

Vanquished Creatures
  4 ancient liches
  4 orbs of fire (Zot:5)
  Mennas (Vaults:2)
  Saint Roka (Orc:1)
  A Killer Klown (Zot:5)
  4 caustic shrikes
  Xtahua (Vaults:4)
  A curse toe (Zot:5)
  13 golden dragons
  A Tzitzimitl (Zot:4)
  2 electric golems
  4 liches
  A large abomination (Vaults:1)
  Rupert (Lair:5)
  10 tentacled monstrosities
  8 titans
  22 Orb Guardians (Zot:5)
  A quicksilver dragon (Zot:4)
  Gastronok (Lair:2)
  Polyphemus (Shoals:2)
  A kraken (Shoals:3)
  4 death cobs
  8 tengu reavers
  11 shadow dragons
  2 draconian monks
  10 sphinxes
  13 storm dragons
  8 nagarajas
  A draconian knight (Depths:5)
  5 fire giants
  3 ghost moths
  13 frost giants
  4 deep elf sorcerers
  A balrug (Depths:1)
  Louise (Shoals:3)
  13 vault wardens
  A draconian shifter (Zot:3)
  An orc warlord (Vaults:5)
  3 draconian annihilators
  A juggernaut skeleton (Depths:2)
  4 very ugly things
  15 ironheart preservers
  2 war gargoyles
  2 ghouls
  2 entropy weavers
  6 vampire knights
  12 stone giants
  5 deep elf demonologists
  2 lorocyprocas
  7 deep elf annihilators
  3 black draconians
  A black sun (Zot:4)
  5 green draconians
  2 purple draconians (Zot:3)
  5 dire elephants (Lair:6)
  A minotaur (Lab)
  8 red draconians
  4 yellow draconians
  10 white draconians
  8 spark wasps
  2 blizzard demons
  Snorg (D:14)
  3 deep elf death magi
  8 merfolk javelineers
  15 ettins
  9 fire dragons
  A great orb of eyes (shapeshifter) (Depths:5)
  Harold (D:7)
  5 jiangshi
  Josephine (Lair:2)
  7 hydras
  18 yaktaur captains
  15 ice dragons
  8 merfolk impalers
  33 vault guards
  A deep elf high priest (Depths:4)
  Fannar (Lair:3)
  14 naga warriors
  11 great orbs of eyes
  6 merfolk avatars
  3 catoblepae
  A small abomination (Vaults:1)
  10 centaur warriors
  5 rakshasas
  7 anacondas
  4 death knights
  45 two-headed ogres
  18 ogre magi
  14 deep troll shamans
  4 merfolk aquamancers
  A satyr (shapeshifter) (Depths:4)
  2 tengu warriors
  4 satyrs
  A hell hog (Depths:4)
  4 death yaks
  8 orc high priests
  7 vampire magi
  21 deep troll earth magi
  A titan zombie (Vaults:4)
  15 naga sharpshooters
  8 deep elf knights
  9 shock serpents
  5 sun demons
  Nergalle (Lair:3)
  22 hell knights
  A sixfirhy (Depths:3)
  6 skeletal warriors
  4 iron trolls
  2 shadow wraiths
  22 sea snakes
  A salamander mystic (Snake:2)
  5 unseen horrors
  6 wizards
  5 flayed ghosts
  34 deep trolls
  A golden dragon zombie (Depths:2)
  5 naga ritualists
  A swamp dragon (shapeshifter) (Depths:5)
  An infernal demonspawn (Depths:3)
  9 glowing orange brains
  17 ironbrand convokers
  4 deep elf archers
  3 gelid demonspawn
  6 harpies
  A golden dragon skeleton (Vaults:5)
  16 orc knights
  A lindwurm (shapeshifter) (Vaults:1)
  8 mana vipers
  13 necromancers
  10 phantasmal warriors
  A harpy (shapeshifter) (Depths:4)
  4 orc sorcerers (Orc:2)
  A wolf spider zombie (D:14)
  7 deep elf magi
  8 salamanders
  12 cyclopes
  28 ugly things
  A faun (shapeshifter) (Depths:4)
  5 oklob plants
  2 wolf spiders
  A cyclops (shapeshifter) (Vaults:5)
  12 manticores
  A fire giant skeleton (Vaults:2)
  19 fauns
  10 elephants (Lair:6)
  8 merfolk sirens
  An elephant (shapeshifter) (Depths:2)
  A stone giant skeleton (Vaults:5)
  10 guardian serpents
  5 torpor snails
  6 water nymphs
  9 moths of wrath
  19 naga magi
  2 rust devils (Orc:2)
  35 black mambas
  A smoke demon (Depths:1)
  13 vault sentinels
  An eye of devastation (shapeshifter) (Depths:2)
  A gargoyle (D:14)
  An ice statue (D:10)
  16 spiny frogs
  A kobold demonologist (D:13)
  2 rime drakes
  A tormentor (Zot:5)
  4 freezing wraiths
  8 komodo dragons
  7 ice devils
  A minotaur skeleton (Lab)
  2 human skeletons (Vaults:2)
  2 spark wasp simulacra (Depths:2)
  An efreet (D:15)
  46 yaktaurs
  A komodo dragon (shapeshifter) (Vaults:2)
  A hellwing (Zot:5)
  A yaktaur (shapeshifter) (Vaults:2)
  A redback zombie (D:14)
  A red devil (Depths:3)
  A queen bee (shapeshifter) (Vaults:5)
  4 trolls
  4 tengu conjurers
  2 meliai (shapeshifter)
  A tyrant leech (shapeshifter) (Vaults:5)
  Grinder (D:5)
  2 polar bears (Lair:5)
  A jumping spider (Vaults:5)
  A yaktaur skeleton (Vaults:4)
  A merfolk (shapeshifter) (Vaults:1)
  36 merfolk
  6 wind drakes
  3 meliai (D:13)
  A hornet (shapeshifter) (Depths:3)
  A shadow dragon simulacrum (Vaults:5)
  9 blink frogs
  8 hippogriffs
  A raiju (shapeshifter) (Vaults:5)
  A human simulacrum (Vaults:4)
  5 hornets
  34 slime creatures
  11 dream sheep
  13 snapping turtles
  A stone giant simulacrum (Vaults:1)
  A redback (Vaults:5)
  A vampire (D:15)
  Sigmund (D:4)
  12 wraiths
  4 shadows
  9 water elementals
  A tarantella (shapeshifter) (Vaults:5)
  A ynoxinul (Zot:5)
  9 wyverns
  Eustachio (D:5)
  44 yaks
  A hog (shapeshifter) (Depths:3)
  A chaos spawn (Orc:2)
  A golden eye (shapeshifter) (Vaults:1)
  A human (D:9)
  A steam dragon (D:14)
  6 basilisks
  Menkaure (D:6)
  15 hungry ghosts
  62 nagas
  2 soldier ants
  8 wargs
  An acid dragon (shapeshifter) (Vaults:2)
  5 acid dragons
  12 water moccasins
  10 hell hounds (Depths:4)
  2 floating eyes (Depths:4)
  4 porcupines
  47 orc warriors
  7 sky beasts
  5 ice beasts
  3 necrophages
  An eye of draining (D:13)
  A phantom (D:4)
  56 ogres
  An ogre (shapeshifter) (Vaults:5)
  4 wolves
  2 human zombies (Vaults:4)
  6 boggarts
  24 centaurs
  An eye of draining (shapeshifter) (Depths:4)
  9 crocodiles
  3 big kobolds
  An elf zombie (Ossuary)
  Blork the orc (D:5)
  11 bullfrogs
  A wyvern zombie (D:7)
  2 wyvern skeletons
  3 scorpions
  The ghost of terminal the Cutter, a weakling DrWn (D:3)
  14 killer bees
  7 jellies
  5 wights (D:7)
  An electric eel (Lair:3)
  14 crimson imps
  4 howler monkeys
  3 centaur zombies
  A quasit (D:8)
  Crazy Yiuf (D:2)
  5 hounds
  34 orc priests
  4 bullfrog skeletons
  5 centaur skeletons
  31 orc wizards
  Ijyb (D:3)
  Jessica (D:3)
  6 iguanas
  10 worker ants
  A big kobold zombie (Ossuary)
  2 hound zombies
  A hound skeleton (D:5)
  5 mummies
  A howler monkey skeleton (D:10)
  A worker ant zombie (D:8)
  Robin (D:2)
  4 gnolls (Orc:2)
  5 river rats
  12 adders
  4 shadow imps
  8 white imps
  9 oozes
  6 adder zombies (Ossuary)
  An adder skeleton (D:4)
  2 worms
  6 dart slugs
  5 leopard geckos
  99 orcs
  9 giant cockroaches
  15 goblins
  10 hobgoblins
  13 jackals
  4 quokkas
  4 ball pythons
  7 bats
  11 frilled lizards
  3 goblin zombies (Ossuary)
  3 hobgoblin zombies
  23 kobolds
  3 kobold zombies
  A leopard gecko zombie (D:5)
  2 orc zombies (D:7)
  4 quokka zombies
  14 rats
  A rat zombie (Ossuary)
  A fungus (Lair:1)
  23 plants
  2 tentacles (Shoals:3)
2201 creatures vanquished.

Vanquished Creatures (collateral kills)
  A yak (Lair:5)
1 creature vanquished.

Vanquished Creatures (others)
  A lich (Depths:2)
  A fire giant (Vaults:5)
  Ilsuiw (Shoals:2)
  An ironheart preserver (Vaults:5)
  An ogre mage (Vaults:1)
  A death yak (Shoals:2)
  A necromancer (Depths:4)
  A yaktaur (Depths:2)
  A freezing wraith (Vaults:1)
  3 water elementals (Depths:3)
  A human simulacrum (Vaults:1)
  A jelly (D:15)
  4 fungi
  6 plants
  5 tentacles (Shoals:3)
29 creatures vanquished.

Grand Total: 2231 creatures vanquished

Notes
Turn   | Place    | Note
-------+----------+-------------------------------------------
     0 | D:1      | Rrauwl the Demigod Fighter began the quest for the Orb.
     0 | D:1      | Reached XP level 1. HP: 18/18 MP: 3/3
     1 | D:1      | Found a runed door.
     1 | D:1      | Noticed a jelly
   152 | D:1      | Reached XP level 2. HP: 22/25 MP: 4/4
   393 | D:1      | Reached skill level 3 in Shields
   444 | D:1      | Reached XP level 3. HP: 31/31 MP: 5/5
   877 | D:1      | Reached XP level 4. HP: 20/38 MP: 6/6
   878 | D:1      | Gained mutation: You are partially covered in molten
                  | scales. (AC +2) [potion of mutation]
   878 | D:1      | Gained mutation: You are resistant to electric shocks.
                  | (rElec) [potion of mutation]
   878 | D:1      | Gained mutation: Your system is resistant to poisons.
                  | (rPois) [potion of mutation]
  1265 | D:2      | Reached skill level 4 in Shields
  1358 | D:2      | Noticed Robin
  1363 | D:2      | Reached XP level 5. HP: 43/45 MP: 7/7
  1375 | D:2      | Killed Robin
  1377 | D:2      | Got an ichor-stained helmet
  1383 | D:2      | Identified the cursed -5 helmet of Migeil {Regen+} (You
                  | took it off Robin on level 2 of the Dungeon)
  1637 | D:2      | Found an ornate altar of the Wu Jian Council.
  1666 | D:2      | Found a deep blue altar of Sif Muna.
  1908 | D:2      | Found a runed door.
  1912 | D:2      | Noticed Crazy Yiuf
  1921 | D:2      | Killed Crazy Yiuf
  2159 | D:3      | Reached XP level 6. HP: 22/51 MP: 8/8
  2333 | D:3      | Noticed Jessica
  2346 | D:3      | Killed Jessica
  2435 | D:3      | Noticed Ijyb
  2457 | D:3      | Killed Ijyb
  2482 | D:3      | Found a sacrificial altar of Ru.
  2591 | D:3      | Found a runed door.
  2591 | D:3      | Noticed terminal's ghost (weakling DrWn)
  2738 | D:3      | Killed terminal's ghost
  2738 | D:3      | Reached skill level 5 in Shields
  3000 | D:4      | Reached skill level 5 in Axes
  3137 | D:4      | Noticed Sigmund
  3150 | D:4      | Killed Sigmund
  3150 | D:4      | Reached XP level 7. HP: 41/57 MP: 9/9
  3223 | D:4      | Found a stormy altar of Qazlal.
  3232 | D:4      | Found a burning altar of Makhleb.
  3234 | D:4      | Found a hazy altar of Hepliaklqana.
  3235 | D:4      | Found a bloodstained altar of Trog.
  3236 | D:4      | Found an opulent altar of Gozag.
  3238 | D:4      | Found a blossoming altar of Fedhas.
  3389 | D:5      | Entered Level 5 of the Dungeon
  3408 | D:5      | Noticed Eustachio
  3415 | D:5      | Killed Eustachio
  3415 | D:5      | Reached skill level 6 in Shields
  3543 | D:5      | Found a radiant altar of Vehumet.
  3590 | D:5      | Reached XP level 8. HP: 31/63 MP: 10/10
  3717 | D:5      | Noticed Blork the orc
  3725 | D:5      | Killed Blork the orc
  3725 | D:5      | Reached skill level 7 in Shields
  3740 | D:5      | Found a sand-covered staircase.
  3753 | Ossuary  | Entered an ossuary
  3997 | Ossuary  | Identified a scroll of acquirement
  3998 | Ossuary  | Got an ancient broad axe
  3999 | Ossuary  | Identified the +8 broad axe of the Lonely Scars {chop,
                  | Dex+3} (You acquired it in an ossuary)
  4098 | D:5      | Noticed Grinder
  4099 | D:5      | Paralysed by Grinder for 4 turns
  4108 | D:5      | Killed Grinder
  4575 | D:6      | Found a deep blue altar of Sif Muna.
  4591 | D:6      | Reached skill level 8 in Shields
  4627 | D:6      | Noticed Menkaure
  4632 | D:6      | Killed Menkaure
  4669 | D:6      | Found a glowing drain.
  4713 | Sewer    | Entered a sewer
  5061 | D:6      | Reached XP level 9. HP: 69/69 MP: 11/11
  5142 | D:6      | Found an ancient bone altar of Kikubaaqudgha.
  5230 | D:6      | Found a sparkling altar of Nemelex Xobeh.
  5459 | D:7      | Found Ymeado's Jewellery Shop.
  5483 | D:7      | Bought a cursed amulet of inaccuracy for 28 gold pieces
  5502 | D:7      | Reached skill level 9 in Shields
  5599 | D:7      | Found a staircase to the Ecumenical Temple.
  5615 | Temple   | Entered the Ecumenical Temple
  5822 | D:7      | Noticed Harold
  5844 | D:7      | Killed Harold
  5991 | D:8      | Noticed a two-headed ogre
  6118 | D:8      | Reached skill level 1 in Evocations
  6130 | D:8      | Killed a two-headed ogre
  6130 | D:8      | Reached skill level 10 in Shields
  6130 | D:8      | Reached XP level 10. HP: 67/77 MP: 12/14
  6519 | D:9      | Reached skill level 10 in Axes
  6675 | D:9      | Found a white marble altar of Elyvilon.
  6965 | D:9      | Reached skill level 11 in Shields
  7124 | D:10     | Entered Level 10 of the Dungeon
  7188 | D:10     | Killed an unseen horror
  7577 | D:10     | Found a staircase to the Orcish Mines.
  7578 | D:10     | Found Xiufim's Weapon Emporium.
  7579 | D:10     | Found Esiq's Armour Emporium.
  7605 | D:10     | Bought a scarf of repulsion for 168 gold pieces
  7618 | D:10     | Bought a +0 helmet for 63 gold pieces
  7637 | D:10     | Reached XP level 11. HP: 82/82 MP: 16/16
  8024 | D:11     | Learned a level 2 spell: Blink
  8094 | D:11     | Found a staircase to the Lair.
  8547 | Lair:1   | Entered Level 1 of the Lair of Beasts
  8641 | Lair:1   | Reached skill level 12 in Shields
  8682 | Lair:1   | Found a labyrinth entrance.
  8689 | Lab      | Entered a labyrinth
  9182 | Lab      | Noticed a minotaur
  9203 | Lab      | Killed a minotaur
  9225 | Lab      | Found the +4 moon troll leather armour {Spirit, Regen++
                  | MP+5}
  9967 | Lair:2   | Got a vibrating brass ring
  9969 | Lair:2   | Identified the cursed ring "Qywk" {rN+ Int+2 Slay-4} (You
                  | found it on level 2 of the Lair of Beasts)
  9987 | Lair:2   | Noticed a seven-headed hydra
 10072 | D:12     | Noticed an unseen horror
 10094 | D:12     | Killed an unseen horror
 10112 | D:12     | Noticed an unseen horror
 10130 | D:12     | Killed an unseen horror
 10130 | D:12     | Reached skill level 13 in Shields
 10130 | D:12     | Reached XP level 12. HP: 89/89 MP: 17/17
 10660 | D:12     | Reached skill level 5 in Fighting
 10851 | D:13     | Found a portal to a secret trove of treasure.
 10851 | D:13     | Noticed a four-headed hydra
 10930 | D:13     | Found a gate to the Vaults.
 10930 | D:13     | Noticed a vault guard
 10930 | D:13     | Noticed a vault guard
 10930 | D:13     | Noticed a vault guard
 10930 | D:13     | Noticed a vault guard
 10930 | D:13     | Noticed a vault guard
 10945 | D:13     | Noticed a vault guard
 10945 | D:13     | Noticed a vault guard
 10946 | D:13     | Noticed a vault guard
 10964 | D:13     | Killed a vault guard
 10976 | D:13     | Killed a vault guard
 10979 | D:13     | Killed a vault guard
 10983 | D:13     | Killed a vault guard
 10987 | D:13     | Killed a vault guard
 10991 | D:13     | Killed a vault guard
 10997 | D:13     | Killed a vault guard
 11004 | D:13     | Killed a vault guard
 11515 | D:13     | Reached XP level 13. HP: 107/108 MP: 18/18
 11578 | D:13     | Reached skill level 14 in Shields
 11768 | Lair:2   | Noticed Gastronok
 11783 | Lair:2   | Killed Gastronok
 12073 | Lair:2   | Found a staircase to the Snake Pit.
 12426 | Lair:3   | Noticed Fannar
 12441 | Lair:3   | Killed Fannar
 12476 | Lair:3   | Reached skill level 10 in Fighting
 12689 | Lair:3   | Noticed Nergalle
 12700 | Lair:3   | Killed Nergalle
 13275 | Lair:4   | Found a staircase to the Shoals.
 14242 | Lair:5   | Noticed Rupert
 14256 | Lair:5   | Killed Rupert
 14454 | Lair:5   | Reached XP level 14. HP: 125/125 MP: 18/19
 14814 | Lair:6   | Entered Level 6 of the Lair of Beasts
 14833 | Lair:6   | Reached skill level 15 in Shields
 14939 | Lair:6   | Reached skill level 15 in Axes
 15039 | Lair:6   | Found a runed door.
 15039 | Lair:6   | Found a viscous altar of Jiyva.
 15042 | Lair:6   | Found a staircase to the Slime Pits.
 15757 | Lair:6   | Identified the Grimoire of Absence
 16433 | D:14     | Noticed Snorg
 16441 | D:14     | Killed Snorg
 16921 | D:15     | Entered Level 15 of the Dungeon
 17101 | D:15     | Found a white marble altar of Elyvilon.
 17105 | D:15     | Noticed a daeva
 17110 | D:15     | Reached XP level 15. HP: 106/135 MP: 17/21
 17247 | D:15     | Found a runed door.
 17366 | D:15     | Found a staircase to the Depths.
 17756 | Orc:1    | Entered Level 1 of the Orcish Mines
 17864 | Orc:2    | Entered Level 2 of the Orcish Mines
 17864 | Orc:2    | Noticed Saint Roka
 17898 | Orc:1    | Killed Saint Roka
 18253 | Orc:2    | Found Bonouxze's Magic Scroll Shop.
 18258 | Orc:2    | Found Fuavosocont's Food Boutique.
 18336 | Orc:2    | Bought a scroll of enchant weapon for 82 gold pieces
 18336 | Orc:2    | Bought a scroll of enchant armour for 82 gold pieces
 18336 | Orc:2    | Bought a scroll of teleportation for 33 gold pieces
 18336 | Orc:2    | Bought a scroll of teleportation for 33 gold pieces
 18336 | Orc:2    | Bought a scroll of acquirement for 572 gold pieces
 18336 | Orc:2    | Bought a scroll of fog for 22 gold pieces
 18336 | Orc:2    | Bought a scroll of magic mapping for 38 gold pieces
 18336 | Orc:2    | Bought a scroll of blinking for 82 gold pieces
 18388 | Orc:2    | Reached skill level 1 in Dodging
 18563 | Orc:2    | Found Vaic's Antique Weapon Emporium.
 18563 | Orc:2    | Found a one-way gate leading to the halls of Pandemonium.
 18563 | Orc:2    | Found Rilysicu's Gadget Shoppe.
 18572 | Orc:2    | Bought a wand of digging (11) for 390 gold pieces
 18666 | Orc:2    | Found a staircase to the Elven Halls.
 18717 | Orc:2    | Found a roughly hewn altar of Beogh.
 18808 | Orc:2    | Found Teemagi's Armour Boutique.
 19203 | Orc:1    | Found Mytsea's Book Shoppe.
 19303 | Orc:1    | Found a shimmering altar of Xom.
 19358 | Orc:1    | Found Viereoq's General Store.
 19380 | Orc:1    | Bought a scroll of fear for 59 gold pieces
 19380 | Orc:1    | Bought a potion of might for 68 gold pieces
 19380 | Orc:1    | Bought a potion of resistance for 170 gold pieces
 19633 | Snake:1  | Entered Level 1 of the Snake Pit
 19633 | Snake:1  | Found Jungy's Book Shoppe.
 19633 | Snake:1  | Noticed Josephine
 19640 | Lair:2   | Killed Josephine
 19652 | Snake:1  | Reached skill level 5 in Evocations
 19652 | Snake:1  | Reached skill level 5 in Armour
 19978 | Snake:1  | Got a coiled steel ring
 19980 | Snake:1  | Identified the ring "Tuarraqi" {rF+ rC+ EV+6 Stlth+} (You
                  | found it on level 1 of the Snake Pit)
 19987 | Snake:1  | Found Niuwuukh's Distillery.
 20004 | Snake:1  | Bought a potion of invisibility for 128 gold pieces
 20004 | Snake:1  | Bought a potion of heal wounds for 80 gold pieces
 20004 | Snake:1  | Bought a potion of might for 64 gold pieces
 20015 | Snake:1  | Found Sogaobin's Assorted Antiques.
 20018 | Snake:1  | Bought a scroll of fog for 76 gold pieces
 20018 | Snake:1  | Bought a potion of haste for 380 gold pieces
 20036 | Snake:1  | Found Fomenla's Armour Shop.
 20036 | Snake:1  | Found Genoge's Gadget Boutique.
 20186 | Snake:1  | Found Win Xoeh's Assorted Antiques.
 20199 | Snake:1  | Found Vicawyef's Assorted Antiques.
 20207 | Snake:1  | Bought a slimy tin ring for 155 gold pieces
 20208 | Snake:1  | Identified the ring of Noppush {Ice +Inv rPois rN+ Stlth-}
                  | (You bought it in a shop on level 1 of the Snake Pit)
 20331 | Snake:1  | Reached skill level 5 in Dodging
 20341 | Snake:1  | Reached XP level 16. HP: 143/143 MP: 24/24
 20651 | Snake:2  | Found a runed door.
 21611 | Snake:1  | Bought a +2 pair of boots of stealth for 387 gold pieces
 21818 | Snake:3  | Learned a level 1 spell: Apportation
 21831 | Snake:3  | Found Yfriatzi's Antique Armour Boutique.
 21914 | Snake:3  | Reached skill level 1 in Crossbows
 22107 | Snake:3  | Got a pair of heavily runed gloves
 22195 | Snake:3  | Identified the +3 pair of gloves of Vlad {-Cast +Blink rC+
                  | SInv} (You found it on level 3 of the Snake Pit)
 22673 | Snake:4  | Entered Level 4 of the Snake Pit
 22885 | Snake:4  | Found Luett's Book Shoppe.
 23279 | Snake:4  | Reached skill level 5 in Crossbows
 23297 | Snake:4  | Reached XP level 17. HP: 133/149 MP: 24/28
 23547 | Snake:4  | Reached skill level 10 in Armour
 23581 | Snake:4  | Reached skill level 10 in Evocations
 23632 | Snake:4  | Got a serpentine rune of Zot
 24184 | Shoals:1 | Entered Level 1 of the Shoals
 24263 | Shoals:1 | Learned a level 2 spell: Passwall
 24770 | Shoals:2 | Found Faycvel's Fabulous Fripperies.
 24770 | Shoals:2 | Noticed Ilsuiw
 24773 | Shoals:2 | Noticed Polyphemus
 24790 | Shoals:2 | Killed Ilsuiw
 24828 | Shoals:2 | Killed Polyphemus
 24971 | Shoals:2 | Bought a scroll of fog for 26 gold pieces
 26120 | Shoals:3 | Reached skill level 16 in Shields
 26198 | Shoals:3 | Noticed Louise
 26207 | Shoals:3 | Killed Louise
 26247 | Shoals:3 | Got a warped large shield
 26248 | Shoals:3 | Identified the cursed +0 large shield of Free Expression
                  | {Slay+2} (You took it off Louise on level 3 of the Shoals)
 26632 | Shoals:4 | Entered Level 4 of the Shoals
 26833 | Shoals:4 | Reached skill level 10 in Crossbows
 26862 | Shoals:4 | Reached XP level 18. HP: 157/157 MP: 30/30
 27122 | Shoals:4 | Got a barnacled rune of Zot
 27280 | Shoals:4 | Reached skill level 17 in Shields
 27287 | Shoals:4 | Got a scorched silver ring
 27289 | Shoals:4 | Identified the ring "Venet" {rPois EV+6} (You found it on
                  | level 4 of the Shoals)
 27663 | Vaults:1 | Entered Level 1 of the Vaults
 27752 | Vaults:1 | Found Byagg's Book Emporium.
 27804 | Vaults:1 | Found Sozoruwe's Distillery.
 27870 | Vaults:1 | Found a flickering gateway to a bazaar.
 27879 | Bazaar   | Entered a bazaar
 27881 | Bazaar   | Found Xaco's Book Shop.
 27883 | Bazaar   | Found Ugryn's Distillery.
 27901 | Bazaar   | Found Iwketwiv's Antique Armour Emporium.
 27911 | Bazaar   | Found Iday's General Store.
 27921 | Bazaar   | Bought a potion of haste for 150 gold pieces
 27921 | Bazaar   | Bought a potion of might for 60 gold pieces
 27943 | Bazaar   | Bought a potion of heal wounds for 70 gold pieces
 27943 | Bazaar   | Bought a potion of agility for 56 gold pieces
 27997 | Vaults:1 | Bought a potion of might for 64 gold pieces
 27997 | Vaults:1 | Bought a potion of heal wounds for 80 gold pieces
 27997 | Vaults:1 | Bought a potion of mutation for 128 gold pieces
 27997 | Vaults:1 | Bought a potion of agility for 64 gold pieces
 28446 | Vaults:1 | Reached skill level 18 in Shields
 29489 | Vaults:2 | Found Xousoin's Magic Scroll Shop.
 29496 | Vaults:2 | Bought a scroll of fog for 40 gold pieces
 29496 | Vaults:2 | Bought a scroll of summoning for 190 gold pieces
 29529 | Vaults:2 | Noticed a tentacled monstrosity
 29618 | Vaults:2 | Found Guwyc's Weapon Emporium.
 29702 | Vaults:2 | Reached skill level 19 in Shields
 29753 | Vaults:2 | Killed a tentacled monstrosity
 29855 | Vaults:2 | Reached XP level 19. HP: 163/163 MP: 31/31
 29898 | Vaults:2 | Noticed Mennas
 29924 | Vaults:2 | Killed Mennas
 29963 | Vaults:2 | Found Puntet Xurr's Distillery.
 30542 | Vaults:2 | Found a staircase to the Crypt.
 30658 | Vaults:2 | Found Plog's Assorted Antiques.
 30768 | Vaults:3 | Reached skill level 20 in Shields
 31037 | Vaults:3 | You fall through a shaft!
 31241 | Vaults:4 | Found Ciela's Magic Scroll Boutique.
 31266 | Vaults:4 | Got dazzling pearl dragon scales
 31277 | Vaults:4 | Identified the +7 pearl dragon scales of Vecip {rPois rC-
                  | rN+ rCorr Str+3 Dex+7} (You acquired it on level 4 of the
                  | Vaults)
 31454 | Vaults:4 | Noticed a Brimstone Fiend
 31466 | Vaults:4 | Reached skill level 21 in Shields
 31775 | Vaults:4 | Noticed Xtahua
 31791 | Vaults:4 | Killed Xtahua
 31954 | Vaults:4 | Identified the amulet of Marof {+Rage rPois MR+ Int-4} (You
                  | found it on level 4 of the Vaults)
 32182 | Vaults:4 | Reached XP level 20. HP: 171/171 MP: 32/32
 32204 | Vaults:4 | Found Megut's Armour Shoppe.
 32501 | Vaults:4 | Found Cumergh's Jewellery Boutique.
 32504 | Vaults:4 | Bought a cursed ring of teleportation for 58 gold pieces
 32902 | Vaults:5 | Entered Level 5 of the Vaults
 32996 | Vaults:5 | Reached skill level 22 in Shields
 33407 | Vaults:5 | Reached skill level 23 in Shields
 33703 | Vaults:5 | Identified Fexea's Reference Book on the Blaze
 33709 | Vaults:5 | Got a silver rune of Zot
 33821 | Vaults:5 | Noticed a golden dragon
 33836 | Vaults:5 | Killed a golden dragon
 33843 | Vaults:5 | Reached XP level 21. HP: 178/178 MP: 33/33
 33921 | Vaults:5 | Reached skill level 24 in Shields
 33975 | Vaults:5 | Noticed a golden dragon
 34596 | Vaults:4 | Killed a golden dragon
 34650 | Vaults:5 | Noticed a golden dragon
 34720 | Vaults:4 | Killed a golden dragon
 34854 | Vaults:5 | Reached skill level 25 in Shields
 35035 | Vaults:5 | Identified the amulet of Boef {Harm *Drain +Inv Str+3
                  | Int-5} (You took it off a yaktaur on level 5 of the Vaults)
 35764 | Depths:1 | Entered Level 1 of the Depths
 35764 | Depths:1 | Found a corrupted altar of Lugonu.
 35764 | Depths:1 | Found a one-way gate to the infinite horrors of the Abyss.
 35795 | Depths:1 | Paralysed by a great orb of eyes for 7 turns
 35806 | Depths:1 | Paralysed by a great orb of eyes for 6 turns
 36506 | Depths:1 | Found a gateway to Hell.
 36965 | Depths:2 | Reached XP level 22. HP: 174/188 MP: 34/34
 37094 | Depths:2 | Found Nunotorch's Food Emporium.
 37301 | Depths:2 | Noticed an ancient lich
 37323 | Depths:2 | Killed an ancient lich
 37844 | Depths:2 | Identified the Almanac of Supportive Stones
 38526 | Depths:3 | Learned a level 1 spell: Summon Butterflies
 38702 | Depths:3 | Noticed a caustic shrike
 38719 | Depths:3 | Killed a caustic shrike
 39669 | Depths:4 | Reached skill level 15 in Fighting
 39763 | Depths:4 | Reached skill level 10 in Dodging
 40218 | Depths:4 | Paralysed by a great orb of eyes for 7 turns
 40291 | Depths:4 | Reached XP level 23. HP: 199/199 MP: 35/35
 40376 | Depths:4 | Paralysed by a floating eye for 2 turns
 40648 | Depths:4 | Found a snail-covered altar of Cheibriados.
 40826 | Depths:4 | Paralysed by a floating eye for 3 turns
 41080 | Depths:5 | Entered Level 5 of the Depths
 41087 | Depths:5 | Reached skill level 15 in Armour
 41472 | Depths:5 | Found a gate to the Realm of Zot.
 41924 | Depths:5 | Found a gateway to a ziggurat.
 41960 | Depths:5 | Got a slimy golden amulet
 41961 | Depths:5 | Identified the amulet "Mimufrem" {Faith MR+ Dex+4} (You
                  | found it on level 5 of the Depths)
 42195 | Zot:1    | Entered Level 1 of the Realm of Zot
 42632 | Zot:3    | Reached XP level 24. HP: 217/217 MP: 0/35
 43019 | Zot:5    | Entered Level 5 of the Realm of Zot
 43361 | Zot:5    | Noticed an ancient lich
 43372 | Zot:5    | Killed an ancient lich
 43392 | Zot:5    | Noticed an orb of fire
 43411 | Zot:5    | Gained mutation: Scrolls take you a little longer to read.
                  | [an orb of fire]
 43415 | Zot:5    | Killed an orb of fire
 43416 | Zot:5    | Lost mutation: You are resistant to electric shocks.
                  | (rElec) [potion of mutation]
 43416 | Zot:5    | Lost mutation: Scrolls take you a little longer to read.
                  | [potion of mutation]
 43416 | Zot:5    | Lost mutation: Your system is resistant to poisons. (rPois)
                  | [potion of mutation]
 43416 | Zot:5    | Gained mutation: You have very sharp teeth. [potion of
                  | mutation]
 43416 | Zot:5    | Gained mutation: You expend magic power (3 MP) to
                  | strengthen your wands. [potion of mutation]
 43416 | Zot:5    | Gained mutation: You are resistant to hostile enchantments.
                  | (MR+) [potion of mutation]
 43431 | Zot:5    | Noticed an orb of fire
 43436 | Zot:5    | Gained mutation: Your body sometimes deteriorates upon
                  | taking damage. [an orb of fire]
 43438 | Zot:5    | Noticed an orb of fire
 43443 | Zot:5    | Gained mutation: You are clumsy. (Dex -2) [an orb of fire]
 43445 | Zot:5    | Gained mutation: You occasionally shout uncontrollably at
                  | your foes. [an orb of fire]
 43449 | Zot:5    | Gained mutation: You are frail. (-10% HP) [an orb of fire]
 43450 | Zot:5    | Gained mutation: You sometimes yell uncontrollably at your
                  | foes. [an orb of fire]
 43492 | Zot:5    | Killed an orb of fire
 43503 | Zot:5    | Gained mutation: You do not regenerate when monsters are
                  | visible. [an orb of fire]
 43511 | Zot:5    | Killed an orb of fire
 43513 | Zot:5    | Lost mutation: Your body sometimes deteriorates upon taking
                  | damage. [potion of mutation]
 43513 | Zot:5    | Lost mutation: You sometimes yell uncontrollably at your
                  | foes. [potion of mutation]
 43513 | Zot:5    | Lost mutation: You expend magic power (3 MP) to strengthen
                  | your wands. [potion of mutation]
 43513 | Zot:5    | Lost mutation: You occasionally shout uncontrollably at
                  | your foes. [potion of mutation]
 43513 | Zot:5    | Gained mutation: You evolve. [potion of mutation]
 43633 | Zot:5    | Noticed an orb of fire
 43725 | Zot:5    | Noticed an ancient lich
 43751 | Zot:5    | Killed an ancient lich
 43773 | Zot:5    | Killed an orb of fire
 44003 | Zot:5    | Got the Orb of Zot
 44013 | Zot:5    | Noticed an ancient lich
 44018 | Zot:5    | Killed an ancient lich
 44018 | Zot:5    | Reached XP level 25. HP: 138/213 MP: 35/35
 44100 | Zot:5    | Gained mutation: You tend to lose your temper in combat. [a
                  | neqoxec]
 44178 | Zot:3    | Noticed Roruxot the pandemonium lord
 44229 | Zot:2    | HP: 1/229 [electric golem/bolt of lightning (35)]
 44236 | Zot:2    | HP: 6/229 [electric golem/bolt of lightning (14)]
 44245 | Zot:2    | Killed from afar by an electric golem

Vault maps used:
D:1:      dpeg_arrival_caged_fury
D:2:      overflow_temple_1_default, led_sif_pool, uniq_robin,
          uniq_crazy_yiuf_cottage
D:3:      nicolae_overflow_crystal_walls, serial_glass, glass_columns_a,
          glass_columns_b, gammafunk_ghost_grave, minmay_misc_feat_doors,
          uniq_jessica, uniq_ijyb
D:4:      minitemple, uniq_sigmund
D:5:      vehumet_crystals, first_ration, gup_ossuary_entry_pyramid,
          dk_rats_in_the_wall, uniq_eustachio, uniq_blork_the_orc, uniq_grinder
D:6:      kiku_gazebo_garden_becter, portal_sewer_entry_c, basic_altar,
          serial_bayou_pond_e, abandoned_shop, nemelex_dance_club_becter,
          uniq_menkaure
D:7:      minmay_temple_entry_mist, serial_shops, shop, minmay_mini_ossuary,
          uniq_harold
D:9:      elyvilon_altar_5, grunt_pizzeria
D:10:     lemuel_ice_statue, orc_david_3
D:11:     dpeg_oklobed_lair, serial_glass, glass_columns_a, glass_columns_a,
          glass_columns_b, glass_columns_a
D:12:     kennysheep_generic_room_10
D:13:     erik_vaults_2, nicolae_trove_entry_crossroad
D:14:     dk_noncrumbling_4, nicolae_benzene_ring, uniq_snorg
D:15:     grunt_enter_depths_snipers, lemuel_angel_altar
Temple:   jpeg_temple_clearing
Lair:1:   lab_entry_generic, nicolae_volcano_entry_hallway,
          small_statue_intersection, serial_bayou_shore_b
Lair:2:   minmay_snake_entry_spellcaster, serial_bayou_shore_b,
          serial_bayou_shore_b, grunt_megastairs_3, serial_bayou_shore_a,
          uniq_gastronok
Lair:3:   nicolae_quartered_pool_little, serial_bayou_shore_b,
          grunt_megastairs_4, uniq_fannar, uniq_nergalle
Lair:4:   elwin_shoals_entry_rocks, beast_lair_carwin_10
Lair:5:   infiniplex_staircase_pool_2, serial_bayou_shore_b, grunt_megastairs_2,
          serial_bayou_shore_b, lemuel_fruit_tree, minmay_lair_oklob_chamber,
          uniq_rupert
Lair:6:   due_jungle_book, slime_altar_2, infiniplex_staircase_pool
Shoals:2: nicolae_alphabet_shops, uniq_ilsuiw, uniq_polyphemus
Shoals:3: overgrown_hall, uniq_louise
Shoals:4: shoals_end_simple
Snake:1:  serial_shops, nicolae_shop_behind_doors, nicolae_shop_waterfront,
          shop, shop_coins, shop_statue, nrook_guardian_serpent_ordinary,
          serial_bayou_shore_b, minmay_shoptagon, uniq_josephine
Snake:2:  lightli_airlock
Snake:3:  serial_shops, shop_coins
Snake:4:  grunt_snake_rune_pools, serial_shops, nicolae_shop_window_shopping
Orc:1:    serial_shops, shop, nicolae_shop_trees, basic_altar
Orc:2:    pf_orc_diabolical, serial_shops, shop_statue, basic_altar,
          uniq_saint_roka
Vaults:1: v_misc_33, vaults_dpeg_diagonal, vaults_room_semicircle,
          grunt_vaults_diagonal, v_alt_pattern_4,
          vaults_room_grunt_arrival_ludios, vaults_dpeg_spiral,
          nicolae_vaults_hallways_thing, hangedman_vaults_stretched_pinwheel,
          nicolae_vaults_network_s, ontoclasm_vaults_eye,
          vaults_dpeg_encased_lava, dpeg_vaults_monster_box, v_misc_10,
          serial_shops, bzr_firewalk, shop, shop
Vaults:2: st_hourglassy, minmay_crypt_entry_simple_plaza, v_pattern_3,
          ontoclasm_vaults_hangar, nicolae_vaults_mini_display_case,
          hangedman_vaults_maws, hangedman_vaults_stretched_pinwheel,
          nicolae_vaults_windows_and_doors_thing, nicolae_vaults_shelves_hall,
          serial_shops, shop, shop, shop, shop, uniq_mennas
Vaults:3: gammafunk_vaults_ghost_cemetery, nicolae_vaults_disjoint_gnomons,
          vaults_mumra_lcd, nicolae_vaults_three_branches, v_misc_28,
          vaults_dpeg_ring, nicolae_vaults_puzzle_piece,
          nicolae_vaults_ninety_degrees, vaults_room_hangedman_quadrants,
          hangedman_vaults_impose, vaults_room_fours,
          ontoclasm_vaults_misaligned, vaults_dpeg_hooks,
          nicolae_vaults_little_squares_4, nicolae_vaults_little_squares_4,
          serial_shops, nicolae_shop_crystal
Vaults:4: v_rooms_1, nicolae_vaults_network_quincunx,
          hangedman_vaults_stretched_pinwheel, ontoclasm_vaults_tryst,
          v_misc_27, v_rooms_2, ontoclasm_vaults_decontamination, v_rooms_3,
          ontoclasm_vaults_hangar, nicolae_vaults_inception_scallops,
          vaults_mumra_bighexcomb, serial_shops, nicolae_shop_trees,
          nicolae_shop_stone, shop_fountains, uniq_xtahua
Depths:1: abyss_entry_flame_altar, pf_hell_entry_tar_spiral,
          nicolae_two_hexagons, roderic_lattice_a, minmay_fire_ice_demons
Depths:2: minmay_shrinking_squares, hangedman_coc_ice_floe, special_room,
          minmay_misc_feat_enclosed, abyss_entry, serial_shops, shop
Depths:3: hangedman_cross_cluster, minmay_holes, rand_demon_pan_entry_9,
          hell_entry, lemuel_freeze_loot_1
Depths:4: pf_snail_temple, hangedman_decor_points, grunt_hell_horde,
          abyss_entry_crystal
Depths:5: grunt_zot_entry_hairpin, enter_ziggurat_a, hell_entry,
          grunt_decor_mini_mirrors, abyss_entry, minmay_crystal_water,
          st_stairs_13, minmay_misc_feat_diagonals
Zot:2:    grunt_megastairs_5
Zot:4:    basic_stair_grate_trap
Zot:5:    hangedman_zot_decor_tridents
Lab:      labyrinth_watery, nicolae_lab_swirl, lab_statue, nicolae_lab_arrow,
          labyrinth_skeletal_remains, nicolae_lab_very_dead_end,
          nicolae_lab_starburst, nicolae_lab_lava,
          labyrinth_baited_teleportation_trap, nicolae_lab_big_swirl
Bazaar:   bazaar_kb_twisted_cavern
Sewer:    sewer_co_cracked_pipes
Ossuary:  ossuary_minmay_chase

Skill      XL: |  1  2  3  4  5  6  7  8  9 10 11 12 13 14 15 16 17 18 19 20 21 22 23 24 25 |
---------------+----------------------------------------------------------------------------+-----
Axes           | 2 3 4 5 6 8 9 11 12 13 14 17 18 | 18.0
Fighting       | 3 8 11 13 15 18 21 22 | 22.0
Shields        | 3 4 5 6 8 10 11 13 14 15 16 19 21 23 25 | 25.0
Armour         | 3 6 9 10 13 15 | 15.0
Evocations     | 2 3 6 9 10 | 10.0
Dodging        | 5 6 10 | 10.0
Crossbows      | 5 10 | 10.0

Action                   |  1- 3 |  4- 6 |  7- 9 | 10-12 | 13-15 | 16-18 | 19-21 | 22-24 | 25-27 || total
-------------------------+-------+-------+-------+-------+-------+-------+-------+-------+-------++-------
Melee: War axe           |   175 |   217 |   126 |       |       |       |       |       |       ||   518
       Broad axe         |       |       |   202 |   679 |  1112 |  1935 |  1738 |  1691 |    92 ||  7449
       Flail             |       |       |       |     8 |    34 |       |       |       |       ||    42
       Morningstar       |       |       |       |       |    29 |       |       |       |       ||    29
       Bite              |       |       |       |       |       |       |       |    35 |    16 ||    51
 Fire: Hand crossbow     |       |       |       |       |       |     3 |       |       |       ||     3
Evoke: Wand              |       |       |     3 |    32 |    11 |    14 |     2 |     5 |     2 ||    69
       Lightning rod     |       |       |       |       |     4 |       |       |       |       ||     4
       Phantom mirror    |       |       |       |       |       |       |       |       |     1 ||     1
  Use: Potion            |       |     8 |     8 |     3 |    12 |     5 |    10 |    15 |     6 ||    67
       Scroll            |       |     6 |     5 |    12 |     5 |    22 |    14 |    18 |     1 ||    83
 Stab: Sleeping          |       |       |       |       |     2 |    12 |     7 |     8 |       ||    29
       Petrified         |       |       |       |       |     1 |       |       |       |       ||     1
       Distracted        |       |       |       |       |     2 |       |     3 |     3 |       ||     8
       Invisible         |       |       |       |       |       |     8 |     6 |       |       ||    14
  Eat: Chunk             |       |     8 |     7 |    22 |    20 |    20 |    18 |    15 |       ||   110
       Ration            |       |       |     1 |     3 |     3 |     4 |     2 |     3 |       ||    16
Armor: Scale mail        |    77 |    78 |   108 |    34 |       |       |       |       |       ||   297
       Swamp dragon scal |       |       |       |    54 |       |       |       |       |       ||    54
       Troll leather arm |       |       |       |    66 |   290 |   250 |    22 |       |       ||   628
       Chain mail        |       |       |       |     1 |       |       |       |       |       ||     1
       Pearl dragon scal |       |       |       |       |       |       |   231 |   212 |    10 ||   453
Dodge: Dodged            |    57 |    53 |    66 |   145 |   308 |   744 |   620 |   813 |    59 ||  2865
       Deflected         |       |       |       |     9 |    16 |    96 |    35 |    22 |     5 ||   183
Block: Shield            |    89 |   112 |   184 |   346 |   649 |   398 |       |       |       ||  1778
       Large shield      |       |       |       |       |       |  1158 |  1627 |  1907 |    88 ||  4780

Table legend:
 A = Non-vault XP
 B = Vault XP
 C = Vault XP percentage of total XP
 D = Non-vault monster count
 E = Vault monster count
 F = Vault count percentage of total count
                 A         B        C        D         E       F
            +---------+---------+-------+---------+---------+-------
      Total |  683792 |  691926 |  50.3 |    1374 |     798 |  36.7
            +---------+---------+-------+---------+---------+-------
        D:1 |      77 |     119 |  60.7 |      39 |      17 |  30.4
        D:2 |      43 |      77 |  64.2 |      20 |      12 |  37.5
        D:3 |     168 |     136 |  44.7 |      15 |       3 |  16.7
        D:4 |     180 |     227 |  55.8 |       7 |       1 |  12.5
        D:5 |     663 |     608 |  47.8 |      17 |       4 |  19.0
        D:6 |     743 |     354 |  32.3 |      18 |      11 |  37.9
        D:7 |     909 |    1072 |  54.1 |      17 |       6 |  26.1
        D:8 |    1873 |       0 |   0.0 |      22 |       0 |   0.0
        D:9 |    3580 |     185 |   4.9 |      35 |       1 |   2.8
       D:10 |    2332 |     412 |  15.0 |      15 |       7 |  31.8
       D:11 |    1279 |     542 |  29.8 |      17 |       1 |   5.6
       D:12 |    6258 |     415 |   6.2 |      52 |       1 |   1.9
       D:13 |    8244 |    7914 |  49.0 |      33 |       8 |  19.5
       D:14 |   11343 |    1152 |   9.2 |      37 |       1 |   2.6
       D:15 |   14576 |    3004 |  17.1 |      39 |       3 |   7.1
     Lair:1 |    3712 |       0 |   0.0 |      15 |       0 |   0.0
     Lair:2 |    3839 |    4318 |  52.9 |      13 |       6 |  31.6
     Lair:3 |    4034 |    1782 |  30.6 |      16 |       2 |  11.1
     Lair:4 |    5359 |    2972 |  35.7 |      18 |       8 |  30.8
     Lair:5 |    3707 |    7092 |  65.7 |      13 |      16 |  55.2
     Lair:6 |   21071 |    2969 |  12.4 |      51 |       5 |   8.9
   Shoals:1 |   11517 |       0 |   0.0 |      28 |       0 |   0.0
   Shoals:2 |   18145 |   10278 |  36.2 |      35 |      11 |  23.9
   Shoals:3 |   18707 |    2205 |  10.5 |      35 |       2 |   5.4
   Shoals:4 |   10062 |   21039 |  67.6 |      21 |      31 |  59.6
    Snake:1 |   21810 |    1690 |   7.2 |      41 |       6 |  12.8
    Snake:2 |   16156 |    6105 |  27.4 |      35 |      11 |  23.9
    Snake:3 |   11535 |       0 |   0.0 |      21 |       0 |   0.0
    Snake:4 |   15154 |   39350 |  72.2 |      37 |      58 |  61.1
      Orc:1 |    4420 |    5189 |  54.0 |      58 |       1 |   1.7
      Orc:2 |    2616 |   17571 |  87.0 |      28 |      69 |  71.1
   Vaults:1 |   37438 |   25505 |  40.5 |      73 |      39 |  34.8
   Vaults:2 |   16436 |   31244 |  65.5 |      26 |      40 |  60.6
   Vaults:3 |   16509 |    4451 |  21.2 |      25 |       8 |  24.2
   Vaults:4 |   35884 |   59177 |  62.3 |      36 |      73 |  67.0
   Vaults:5 |   54527 |  140642 |  72.1 |      94 |      97 |  50.8
   Depths:1 |   37918 |    7490 |  16.5 |      58 |      24 |  29.3
   Depths:2 |   32718 |   42941 |  56.8 |      42 |      34 |  44.7
   Depths:3 |   18043 |   41010 |  69.4 |      22 |      30 |  57.7
   Depths:4 |   30458 |   44218 |  59.2 |      40 |      51 |  56.0
   Depths:5 |   49124 |   22406 |  31.3 |      40 |      16 |  28.6
      Zot:1 |    1297 |       0 |   0.0 |       1 |       0 |   0.0
      Zot:2 |    7074 |       0 |   0.0 |       4 |       0 |   0.0
      Zot:3 |   63783 |       0 |   0.0 |      38 |       0 |   0.0
      Zot:4 |   30501 |       0 |   0.0 |      15 |       0 |   0.0
      Zot:5 |   27970 |  129870 |  82.3 |      12 |      33 |  73.3
        Lab |       0 |    3926 | 100.0 |       0 |      15 | 100.0
      Sewer |       0 |      53 | 100.0 |       0 |      15 | 100.0
    Ossuary |       0 |     216 | 100.0 |       0 |      21 | 100.0
            +---------+---------+-------+---------+---------+-------
